 Dungeon Crawl Stone Soup version 0.26-a0-737-g4e9f4955e2 (webtiles) character file.

Game seed: 13532123337737574943

94 g3ss the Skirmisher (level 4, -3/37 HPs)
             Began as a Demonspawn Abyssal Knight on Nov 5, 2020.
             Was a Follower of Lugonu.
             Slain by Sigmund
             ... wielding a +1 scythe of distortion
              (20 damage)
             ... on level 3 of the Dungeon.
             The game lasted 00:09:33 (1539 turns).

g3ss the Skirmisher (Demonspawn Abyssal Knight)     Turns: 1539, Time: 00:09:37

Health: -3/37      AC:  3    Str: 13    XL:     4   Next: 38%
Magic:  5/6        EV: 10    Int: 13    God:    Lugonu [*.....]
Gold:   184        SH:  3    Dex: 13    Spells: 3/3 levels left

rFire    . . .     SeeInvis .   a - +1 falchion
rCold    . . .     Faith    .   r - +0 buckler
rNeg     . . .     Spirit   .   b - +0 leather armour
rPois    .         Reflect  .   (no helmet)
rElec    .         Harm     .   (no cloak)
rCorr    .         Rampage  .   (no gloves)
MR       .....                  (no boots)
Stlth    +.........             (no amulet)
HPRegen  0.12/turn              (no ring)
MPRegen  0.10/turn              (no ring)

@: no status effects
A: hooves 1, spiny 1
a: Depart the Abyss, Renounce Religion


You were on level 3 of the Dungeon.
You worshipped Lugonu.
Lugonu was aware of your devotion.
You visited 1 branch of the dungeon, and saw 3 of its levels.
You visited the Abyss 2 times.

You collected 184 gold pieces.

Inventory:

Hand Weapons
 a - a +1 falchion (weapon)
 c - a +0 dagger
 f - a +0 club
 i - a +0 club
 k - a +0 short sword
 o - a +0 dagger
 p - a +0 short sword
 q - a +0 club
 t - a +0 war axe
 u - a +0 club
 x - a +1 dagger of venom
 F - a +0 dagger
 H - a +0 whip
Missiles
 z - 34 arrows
 C - 66 stones (quivered)
Armour
 b - a +0 leather armour (worn)
 g - a +1 hat
 h - a +0 plate armour
 m - a +0 ring mail
 r - a +0 buckler (worn)
 v - a +0 robe
 w - a +0 ring mail
 A - a cursed +0 scale mail
 D - a +0 ring mail
 J - a +0 scale mail
Magical Staves
 E - an uncursed staff of death {unknown}
Wands
 y - a wand of disintegration (15)
Scrolls
 d - a scroll of enchant armour {unknown}
 e - a scroll of identify {unknown}
 n - a scroll of remove curse {unknown}
Potions
 j - a potion of ambrosia {unknown}
 l - a potion of haste {unknown}
 s - a potion of mutation {unknown}
 B - a potion of heal wounds {unknown}
 G - a potion of lignification {unknown}
 I - a potion of might {unknown}


   Skills:
 + Level 3.9 Fighting
 + Level 2.9 Long Blades
 + Level 2.2 Armour
 + Level 1.0 Dodging
 + Level 0.2 Stealth
 + Level 2.9 Invocations


You had 3 spell levels left.
You didn't know any spells.
Your spell library was empty.

Dungeon Overview and Level Annotations

Branches:
Dungeon (3/15)

Altars:

Annotations:
D:3 Sigmund


Innate Abilities, Weirdness & Mutations

You have large cloven feet.
You are partially covered in sharp spines.


Message History

Sigmund the Dreaded comes into view.
He is wielding a +1 scythe of distortion.
Sigmund shouts!
Evoke which item? (* to show all) (? for menu, Esc to quit)
Press: ? - help, Shift-Dir - straight line, f - Sigmund
Aim: Sigmund, wielding a +1 scythe of distortion and wearing a +0 robe (chance to defeat MR: 73%) Sigmund is blasted!
Sigmund hits you with a +1 scythe of distortion!
You are cast into the Abyss!
To return, you must find a gate leading back.
Killing monsters will force the Abyss to allow you passage.
This branch contains the abyssal rune of Zot.
You pass through the gate.
Welcome back to the Dungeon!
You hear the sound of rushing water.
There is an entrance to a sewer on this level.
Hurry and find it before the portal rusts away!
Level annotation: Sigmund Sigmund hits you with a +1 scythe of distortion!
Space warps horribly around you!!
Ouch! That really hurt!
You die...

#...........#
#...........# .#
#...........# #.#
#...........###.#######
###..........##...≈≈≈≈≈≈
#..............≈≈≈≈≈≈#
#.............≈≈≈≈≈≈#
#.............≈≈≈≈≈#
#.###.#@##....≈≈≈≈## ###
#. #.#@##...≈≈≈≈≈.# #.#
# #.#.###...≈≈≈≈.# #.#
#.#.# #..≈.†≈≈≈# #.#
#.#.# ###..≈≈≈.###.#
..#.# #...≈≈≈≈.....#
####.≈.<....≈.......
...≈[...≈≈≈≈.#####
##.≈...≈≈≈≈≈≈..


You could see Sigmund.

Vanquished Creatures
  Jessica (D:2)
  A hound zombie (D:3)
  2 adders (D:2)
  A worm (D:2)
  A leopard gecko (D:2)
  An orc (D:3)
  A ball python (D:2)
  A giant cockroach (D:1)
  7 hobgoblins
  2 quokkas (D:3)
  4 bats
  3 goblins
  4 kobolds
  3 rats
32 creatures vanquished.

Notes
Turn   | Place    | Note
-------+----------+-------------------------------------------
     0 | Abyss:1  | g3ss the Demonspawn Abyssal Knight began the quest for the
                  | Orb.
     0 | Abyss:1  | Reached XP level 1. HP: 18/18 MP: 2/2
     0 | D:1      | Escaped the Abyss
   113 | D:1      | Reached * piety under Lugonu
   323 | D:1      | Gained mutation: You have large cloven feet. [demonic
                  | ancestry]
   323 | D:1      | Reached XP level 2. HP: 22/24 MP: 3/3
   423 | D:2      | Gained mutation: You are partially covered in sharp spines.
                  | [demonic ancestry]
   423 | D:2      | Reached XP level 3. HP: 24/29 MP: 3/5
   438 | D:2      | Reached skill level 1 in Dodging
   683 | D:2      | Noticed Jessica
   689 | D:2      | Killed Jessica
   908 | D:2      | Reached XP level 4. HP: 37/37 MP: 6/6
  1536 | D:3      | Noticed Sigmund
  1538 | D:3      | Cast into level 1 of the Abyss (Sigmund)
  1539 | D:3      | Escaped the Abyss
  1539 | D:3      | Slain by Sigmund

Illustrated notes

Levels and vault maps discovered:
D:1:      tarquinn_simple_flora_water_a, layout_loops_cross, st_stairs_5,
          minmay_misc_feat_nine_boxes, minmay_misc_feat_diagonals,
          skrybe_limestone_x
D:2:      layout_basic, uniq_jessica
D:3:      layout_basic, portal_sewer_entry_d, serial_rivers,
          chequers_serial_rivers_micro_b, chequers_serial_rivers_marsh,
          chequers_serial_rivers_micro_b, chequers_serial_rivers_large_a,
          chequers_serial_rivers_room_b, goddamned_bats, uniq_sigmund,
          uniq_grinder

Skill      XL: |  1  2  3 |
---------------+----------+-----
Long Blades    | 2 |  2.9
Armour         | 2 |  2.2
Dodging        | 1 |  1.0
Fighting       | |  3.9
Stealth        | |  0.2
Invocations    | |  2.9

Action                   |  1- 3 |  4- 6 || total
-------------------------+-------+-------++-------
Melee: Falchion          |    47 |    18 ||    65
       Kick              |     7 |     9 ||    16
Invok: Depart the Abyss  |     1 |     1 ||     2
Evoke: Wand              |       |     1 ||     1
Armor: Leather armour    |    12 |     3 ||    15
Dodge: Dodged            |    26 |    10 ||    36
Block: Buckler           |     3 |     2 ||     5
       Rpst.: Falchion   |     8 |     6 ||    14

Table legend: (Time is in decaauts)
 A = Elapsed time spent in this place.
 B = Non-inter-level travel time spent in this place.
 C = Inter-level travel time spent in this place.
 D = Time resting spent in this place.
 E = Time spent auto-exploring this place.
 F = Levels seen in this place.
 G = Mean time per level.
                   A        B        C        D        E       F      G
               +--------+--------+--------+--------+--------+-----+--------+
         Total |   1553 |   1493 |     60 |    109 |    433 |   5 |  310.6 |
       Dungeon |   1552 |   1492 |     60 |    109 |    433 |   3 |  517.3 |
         Abyss |      0 |      0 |      0 |      0 |      0 |   2 |    0.0 |
               +--------+--------+--------+--------+--------+-----+--------+

Top non-repeatable levels by time:
     D:2: 1021 daAuts
     D:1: 390 daAuts
     D:3: 140 daAuts
 Abyss:1: 0 daAuts
